 Dungeon Crawl Stone Soup version 0.28-a0-664-gc179e30c89 (webtiles) character file.

Game seed: 5597972791850362526

841572 frimble the Talismancer (level 27, -7/238 HPs)
             Began as an Octopode Venom Mage on Oct 17, 2021.
             Was the Champion of Cheibriados.
             Killed from afar by a Brimstone Fiend (34 damage)
             ... with damnation
             ... on level 22 of a ziggurat.
             The game lasted 02:26:11 (66708 turns).

frimble the Talismancer (Octopode Venom Mage)      Turns: 66708, Time: 02:26:11

Health: -7/238     AC: 18    Str: 31    XL:     27
Magic:  28/54      EV: 38    Int: 81    God:    Cheibriados [******]
Gold:   9940       SH: 27    Dex: 38    Spells: 9/60 levels left

rFire   + + +      SeeInvis +   a - +3 Elemental Staff {rElec rF++ rC++ AC+5}
rCold   + + +      Faith    .   O - +5 kite shield {AC+3}
rNeg    + + +      Spirit   .   v - +3 hat of Pondering {ponderous, Will+ MP+10 Int+5}
rPois   ∞          Reflect  .   F - amulet "Ymyjeremu" {Fragile rElec rPois Regen+}
rElec   +          Harm     .   T - ring of Temperance {rPois rCorr Str+3 Dex+3 Slay+4}
rCorr   +          Rampage  .   k - ring of Yjaricu {rPois Int+6 Dex+2 Slay+3}
Will    +++++                   f - ring of the Demon Prince {Fly rC+ Will+ rCorr Int+6}
Stlth   ++++++++..              t - ring "Fephiaxt" {rElec rC+ rN+ Dex+6 Stlth-}
HPRegen 1.49/turn               y - +6 ring of intelligence
MPRegen 0.34/turn               P - ring "Suenko Botzu" {rN+ Will+ Int+6 Stlth+}
                                Q - ring "Retam" {rPois rC+ Str+4 Int+6}
                                K - ring "Binif" {rF+ Int+4 SInv}

@: lich-form, in a vortex, attractive, flying, studying 3 skills, very slow
A: draining attack, torment immunity, no potions, almost no armour, amphibious,
8 rings, camouflage 1, gelatinous body 1, (nimble swimmer 1), tentacles, large
bone plates 1, clumsy 1, robust 1
}: 6/15 runes: serpentine, barnacled, slimy, silver, golden, abyssal
a: End Transformation, Renounce Religion, Bend Time, Temporal Distortion,
Slouch, Step From Time


You were on level 22 of a ziggurat.
You worshipped Cheibriados.
Cheibriados was exalted by your worship.
You were an undead lich.
You visited 12 branches of the dungeon, and saw 59 of its levels.
You visited the Abyss 2 times.
You visited 2 ziggurats, and saw 33 of their levels (deepest: 22).
You also visited: Trove, Bailey, Gauntlet, Ice Cave and Wizlab.

You collected 13880 gold pieces.
You spent 3940 gold pieces at shops.

Inventory:

Hand Weapons
 a - the +3 Elemental Staff (weapon) {rElec rF++ rC++ AC+5}
   (You found it on level 8 of the Dungeon)

   If the wielder is skilled in Evocations, they can discharge powerful blasts
   of elemental energy when striking with it.
   It enhances your fire, ice, earth and air magic.
   AC:        It affects your AC (+5).
   rF:        It greatly protects you from fire.
   rC:        It greatly protects you from cold.
   rElec:     It insulates you from electricity.
 u - the +8 Vampire's Tooth {vamp}
   (You found it on level 3 of the Tomb of the Ancients)

   It occasionally heals its wielder for the full amount of damage dealt when it
   wounds a living foe.
 U - the +16 lance "Wyrmbane" {slay drac, rPois rF+ rC+ AC+3}
   (You found it on level 3 of the Tomb of the Ancients)

   It inflicts extra damage against dragons and draconians.
   AC:        It affects your AC (+3).
   rF:        It protects you from fire.
   rC:        It protects you from cold.
   rPois:     It protects you from poison.
Missiles
 b - 26 throwing nets
Armour
 v - the +3 hat of Pondering (worn) {ponderous, Will+ MP+10 Int+5}
   (You found it on level 15 of a ziggurat)

   Int:       It affects your intelligence (+5).
   MP:        It affects your magic capacity (+10).
   Will:      It increases your willpower.
 O - a +5 kite shield of protection (worn)
Jewellery
 f - the ring of the Demon Prince (on tentacle) {Fly rC+ Will+ rCorr Int+6}
   (You found it on level 13 of a ziggurat)

   [ring of intelligence]

   Int:       It affects your intelligence (+6).
   rC:        It protects you from cold.
   Fly:       It grants you flight.
   rCorr:     It protects you from acid and corrosion.
   Will:      It increases your willpower.
 k - the ring of Yjaricu (right tentacle) {rPois Int+6 Dex+2 Slay+3}
   (You found it on level 3 of the Elven Halls)

   [ring of intelligence]

   Int:       It affects your intelligence (+6).
   Dex:       It affects your dexterity (+2).
   Slay:      It affects your accuracy & damage with ranged weapons and melee
   (+3).
   rPois:     It protects you from poison.
 m - an amulet of magic regeneration
 p - the ring of Paofanonn {rF+ Will+}
   (You found it on level 3 of the Depths)

   [ring of protection from fire]

   rF:        It protects you from fire.
   Will:      It increases your willpower.
 t - the ring "Fephiaxt" (on tentacle) {rElec rC+ rN+ Dex+6 Stlth-}
   (You found it on level 3 of the Crypt)

   [ring of positive energy]

   Dex:       It affects your dexterity (+6).
   rC:        It protects you from cold.
   rElec:     It insulates you from electricity.
   rN:        It protects you from negative energy.
   Stlth:     It makes you less stealthy.
 y - a +6 ring of intelligence (on tentacle)
 F - the amulet "Ymyjeremu" (around mantle) {Fragile rElec rPois Regen+}
   (You found it in a Gauntlet)

   [amulet of regeneration]

   rElec:     It insulates you from electricity.
   rPois:     It protects you from poison.
   Regen:     It increases your rate of health regeneration.
   Fragile:   It will be destroyed if unequipped.
 K - the ring "Binif" (on tentacle) {rF+ Int+4 SInv}
   (You found it on level 4 of the Lair of Beasts)

   [ring of protection from fire]

   Int:       It affects your intelligence (+4).
   rF:        It protects you from fire.
   SInv:      It lets you see invisible.
 P - the ring "Suenko Botzu" (on tentacle) {rN+ Will+ Int+6 Stlth+}
   (You found it on level 5 of the Pits of Slime)

   [ring of intelligence]

   Int:       It affects your intelligence (+6).
   rN:        It protects you from negative energy.
   Will:      It increases your willpower.
   Stlth:     It makes you more stealthy.
 Q - the ring "Retam" (on tentacle) {rPois rC+ Str+4 Int+6}
   (You bought it in a shop on level 2 of the Orcish Mines)

   [ring of intelligence]

   Str:       It affects your strength (+4).
   Int:       It affects your intelligence (+6).
   rC:        It protects you from cold.
   rPois:     It protects you from poison.
 T - the ring of Temperance (left tentacle) {rPois rCorr Str+3 Dex+3 Slay+4}
   (You found it on level 2 of a ziggurat)

   [ring of slaying]

   Str:       It affects your strength (+3).
   Dex:       It affects your dexterity (+3).
   Slay:      It affects your accuracy & damage with ranged weapons and melee
   (+4).
   rPois:     It protects you from poison.
   rCorr:     It protects you from acid and corrosion.
Wands
 x - a wand of iceblast (88)
 E - a wand of acid (20)
Scrolls
 e - 38 scrolls of teleportation
 i - 23 scrolls of amnesia
 l - 5 scrolls of holy word
 z - 12 scrolls of blinking
 C - 7 scrolls of immolation
 D - 66 scrolls of identify
 G - 2 scrolls of brand weapon
 J - 7 scrolls of enchant weapon
 L - 17 scrolls of fog
 N - 2 scrolls of torment
 R - 2 scrolls of summoning
 S - 4 scrolls of enchant armour
 V - 7 scrolls of fear
 W - 4 scrolls of silence
 Z - 10 scrolls of magic mapping
Potions
 d - 4 potions of invisibility
 g - 24 potions of heal wounds
 h - 6 potions of flight
 n - 10 potions of cancellation
 o - 9 potions of brilliance
 q - 6 potions of resistance
 r - 5 potions of lignification
 s - 22 potions of curing
 w - 7 potions of berserk rage
 A - 5 potions of ambrosia
 H - 5 potions of magic
 I - 5 potions of might
 X - 26 potions of mutation
 Y - 13 potions of attraction
Miscellaneous
 c - a phantom mirror
 j - a box of beasts
 B - a tin of tremorstones (inert)
 M - a condenser vane


   Skills:
 + Level 25.1 Fighting
 - Level 10.5 Short Blades
 - Level 3.4(12.0) Polearms
 - Level 17.5(17.6) Staves
 - Level 17.0 Dodging
 - Level 15.0 Stealth
 - Level 15.0 Shields
 - Level 17.0 Spellcasting
 - Level 11.0 Necromancy
 - Level 3.0 Translocations
 - Level 11.2 Transmutations
 - Level 18.0 Fire Magic
 + Level 19.2 Ice Magic
 - Level 10.7 Earth Magic
 - Level 9.0 Poison Magic
 - Level 14.0 Invocations
 O Level 27 Evocations


You had 9 spell levels left.
You knew the following spells:

 Your Spells              Type           Power      Damage    Failure   Level
c - Ignite Poison         Fire/Tmut/Pois 100%       N/A       0%          3
d - Statue Form           Tmut/Erth      100%       N/A       1%          6
e - Ignition              Fire           89%        3d23      1%          8
f - Blink                 Tloc           N/A        N/A       1%          2
g - Passwall              Tmut/Erth      100%       N/A       0%          2
h - Apportation           Tloc           100%       N/A       0%          1
i - Polar Vortex          Ice            90%        N/A       1%          9
j - Infestation           Necr           76%        N/A       3%          8
k - Passage of Golubria   Tloc           N/A        N/A       1%          4
l - Necromutation         Tmut/Necr      77%        N/A       3%          8

Your spell library contained the following spells:

 Spells                   Type           Power      Damage    Failure   Level
 Animate Skeleton         Necr           100%       N/A       0%          1
 Beastly Appendage        Tmut           100%       N/A       0%          1
 Foxfire                  Conj/Fire      100%       2x1d9     0%          1
 Freeze                   Ice            100%       1d11      0%          1
 Pain                     Necr           100%       1d9       0%          1
 Sandblast                Erth           100%       2d20      0%          1
 Sting                    Tmut/Pois      100%       1d8       0%          1
 Corpse Rot               Necr/Air       N/A        N/A       0%          2
 Ensorcelled Hibernation  Hex/Ice        100%       N/A       0%          2
 Poisonous Vapours        Pois/Air       100%       N/A       0%          2
 Scorch                   Fire           100%       2d10      0%          2
 Sublimation of Blood     Necr           76%        N/A       0%          2
 Wereblood                Tmut           100%       N/A       0%          2
 Conjure Flame            Conj/Fire      100%       6-21      0%          3
 Frozen Ramparts          Ice            100%       1d12      0%          3
 Inner Flame              Hex/Fire       100%       N/A       0%          3
 Ozocubu's Armour         Ice            100%       N/A       0%          3
 Spider Form              Tmut/Pois      62%        N/A       0%          3
 Vampiric Draining        Necr           76%        2d16      0%          3
 Animate Dead             Necr           76%        N/A       0%          4
 Dispel Undead            Necr           100%       3d31      0%          4
 Flame Wave               Conj/Fire      100%       3d16      0%          4
 Hailstorm                Conj/Ice       100%       3d20      0%          4
 Olgreb's Toxic Radiance  Pois           100%       N/A       0%          4
 Petrify                  Tmut/Erth      100%       N/A       0%          4
 Sticky Flame             Conj/Fire      100%       2d11      0%          4
 Summon Ice Beast         Ice/Summ       100%       N/A       0%          4
 Agony                    Necr           100%       N/A       0%          5
 Blade Hands              Tmut           64%        N/A       0%          5
 Borgnjor's Vile Clutch   Necr/Erth      89%        N/A       0%          5
 Excruciating Wounds      Necr           76%        N/A       0%          5
 Simulacrum               Ice/Necr       97%        N/A       0%          6
 Ozocubu's Refrigeration  Ice            90%        4d23      0%          7
 Magic Dart               Conj           100%       1d8       1%          1
 Summon Small Mammal      Summ           100%       N/A       1%          1
 Call Imp                 Summ           62%        N/A       1%          2
 Searing Ray              Conj           100%       2d8       1%          2
 Slow                     Hex            62%        N/A       1%          2
 Static Discharge         Conj/Air       80%        N/A       1%          2
 Call Canine Familiar     Summ           62%        N/A       1%          3
 Confusing Touch          Hex            62%        N/A       1%          3
 Dazzling Flash           Conj/Hex       100%       N/A       1%          3
 Gell's Gravitas          Tloc           43%        N/A       1%          3
 Lesser Beckoning         Tloc           87%        N/A       1%          3
 Mephitic Cloud           Conj/Pois/Air  100%       N/A       1%          3
 Portal Projectile        Hex/Tloc       100%       N/A       1%          3
 Stone Arrow              Conj/Erth      100%       3d13      1%          3
 Summon Guardian Golem    Hex/Summ       62%        N/A       1%          3
 Swiftness                Air            80%        N/A       1%          3
 Teleport Other           Tloc           87%        N/A       1%          3
 Tukima's Dance           Hex            62%        N/A       1%          3
 Cause Fear               Hex            31%        N/A       1%          4
 Fulminant Prism          Conj/Hex       31%        3d16      1%          4
 Iskenderun's Mystic Bla  Conj/Tloc      75%        2d15      1%          4
 Leda's Liquefaction      Hex/Erth       62%        N/A       1%          4
 Summon Lightning Spire   Summ/Air       80%        N/A       1%          4
 Alistair's Intoxication  Tmut/Pois      83%        N/A       1%          5
 Fireball                 Conj/Fire      72%        3d27      1%          5
 Freezing Cloud           Conj/Ice/Air   78%        6-21      1%          5
 Irradiate                Conj/Tmut      51%        3d30      1%          5
 Iskenderun's Battlesphe  Conj           62%        2d11      1%          5
 Lee's Rapid Deconstruct  Erth           76%        3d35*     1%          5
 Lightning Bolt           Conj/Air       40%        1d59      1%          5
 Manifold Assault         Tloc           87%        N/A       1%          5
 Metabolic Englaciation   Hex/Ice        73%        N/A       1%          5
 Silence                  Hex/Air        40%        N/A       1%          5
 Summon Forest            Summ/Tloc      37%        N/A       1%          5
 Yara's Violent Unravell  Hex/Tmut       51%        3d20      1%          5
 Death Channel            Necr           76%        N/A       1%          6
 Eringya's Noxious Bog    Tmut/Pois      62%        N/A       1%          6
 Iron Shot                Conj/Erth      62%        9d12      1%          6
 Starburst                Conj/Fire      72%        6d19      1%          6
 Dragon Form              Tmut           64%        N/A       1%          7
 Dispersal                Tloc           43%        N/A       2%          6
 Borgnjor's Revivificati  Necr           76%        N/A       3%          8
 Haunt                    Necr/Summ      63%        N/A       4%          7
 Storm Form               Tmut/Air       63%        N/A       4%          7
 Conjure Ball Lightning   Conj/Air       40%        3x3d13    8%          6
 Invisibility             Hex            31%        N/A       8%          6
 Summon Cactus Giant      Summ           31%        N/A       8%          6
 Malign Gateway           Summ/Tloc      37%        N/A       24%         7
 Lehudib's Crystal Spear  Conj/Erth      62%        10d14     36%         8
 Monstrous Menagerie      Summ           31%        N/A       41%         7
 Orb of Destruction       Conj           31%        9d12      41%         7
 Spellforged Servitor     Conj/Summ      31%        N/A       41%         7
 Summon Hydra             Summ           31%        N/A       41%         7
 Death's Door             Necr           76%        N/A       50%         9
 Disjunction              Tloc           43%        N/A       69%         8
 Fire Storm               Conj/Fire      72%        8d18      78%         9
 Discord                  Hex            31%        N/A       98%         8
 Maxwell's Capacitive Co  Air            40%        ∞         98%         8
 Summon Horrible Things   Summ           31%        N/A       98%         8
 Chain Lightning          Conj/Air       40%        3d53      100%        9
 Dragon's Call            Summ           31%        N/A       100%        9
 Animate Armour           Summ/Erth      Unusable   N/A       N/A         4

Dungeon Overview and Level Annotations

Branches:
Dungeon (15/15)            Temple (0/1) D:6            Lair (6/6) D:10
 Shoals (4/4) Lair:3        Snake (4/4) Lair:2        Slime (5/5) Lair:5
    Orc (2/2) D:9             Elf (3/3) Orc:2        Vaults (5/5) D:13
  Crypt (3/3) Vaults:2       Tomb (3/3) Crypt:3      Depths (4/4) D:15
    Zot (5/5) Depths:4     Bailey (visited)           IceCv (visited)
 WizLab (visited)         Gauntlet (visited)

Altars:
Cheibriados
Dithmenos
Gozag
Hepliaklqana
Kikubaaqudgha
Nemelex Xobeh
Okawaru
Qazlal
Ru
Sif Muna
Trog
Uskayaw
Vehumet
Wu Jian
Xom
Zin
Jiyva

Shops:
D:11 ?   D:14 =!=   Orc:2 =*:[   Elf:2 (   Vaults:1 (   Depths:1 **
Depths:3 [   Depths:4 :=:

Portals:
Hell: Depths:1 Depths:2 Depths:3 Depths:4
Abyss: Depths:3
Pandemonium: Depths:1 Depths:2

Annotations:
D:3 diggie
Shoals:2 1 runed translucent door
Elf:2 3 runed translucent doors


Innate Abilities, Weirdness & Mutations

You are an undead lich.
Your unarmed attacks are suffused with negative energy.
You are immune to unholy pain and torment.
Your necromantic spells are more powerful.
You are immune to poison.
You cannot drink.
You cannot wear most types of armour.
You are amphibious.
You can wear up to eight rings at the same time.
Your skin changes colour to match your surroundings (Stealth+).
Your rubbery body absorbs attacks. (AC +1, EV +1)
((You are camouflaged near water. (Stealth+)))
You have tentacles for arms and can constrict up to eight enemies at once.
You are partially covered in large bone plates. (SH +4)
You are clumsy. (Dex -2)
You are robust. (+10% HP)


Message History

Cheibriados thoroughly appreciates the change of pace.
You kill the balrug!
Cheibriados appreciates the change of pace.
A raging storm of fire appears!
The creeping inferno disappears in a puff of smoke!
The creeping inferno explodes!
The great blast of fire engulfs the balrug!!
The balrug partially resists.
The great blast of fire engulfs you!! You partially resist.
* * * LOW HITPOINT WARNING * * *
The great blast of fire engulfs the hell knight!!
The hell knight partially resists.
The great blast of fire engulfs the hellephant!!!!
The hellephant dies!
The great blast of fire engulfs the balrug!!
The balrug partially resists.
The great blast of fire engulfs the stoker!!
The stoker partially resists.
You hear a roar!
The balrug gestures at you. The bolt of fire misses you.
The bolt of fire hits the fire vortex.
The fire vortex completely resists.
The hell knight casts a spell at you.
The bolt of fire hits the fire vortex.
The fire vortex completely resists.
The bolt of fire misses you.
The bolt of fire hits the fire vortex.
The fire vortex completely resists.
The fire vortex is attracted toward you.
The balrug is attracted toward you.
The fire vortex is attracted toward you.
The stoker is attracted toward you. 6 fire vortices come into view.
You step out of the flow of time.
You return to the normal time flow.
A hellephant, a balrug, a Brimstone Fiend and 2 searing wretches come into view.
The balrug is wielding a +1 demon whip of venom.
The balrug shouts!
The Brimstone Fiend roars!
The hellephant trumpets! x2
You hear a hideous shriek!
You hear a roar! x2
A tormentor comes into view.
The Brimstone Fiend gestures at you.
The sphere of damnation explodes!
The damnation engulfs you!!
You die...

.2.§..................▓
...........2..........▓
......................▓
....).................▓
..n.§.§§.§§...........▓
....§§§§§§§▓▓▓▓▓▓▓▓▓▓▓▓
...Y§§n§§§§▓
...Y.§§§§§§▓
.....§§§L§§▓
.....§2§§§§▓
.....§§§1§§▓
▓▓▓▓▓▓▓▓▓▓▓▓


You could see 2 hellephants, 2 searing wretches, a Brimstone Fiend, a balrug and
a tormentor.

Vanquished Creatures
  the Royal Jelly (Slime:5)
  4 dread liches
  8 ancient liches
  2 orbs of fire (Zig:13)
  3 juggernauts
  Sojobo (Vaults:5)
  29 royal mummies
  The ghost of Houmnergh the Rich, a master GnTm of Gozag (Crypt:2)
  3 Killer Klowns
  Xtahua (Vaults:5)
  Vashnia (Snake:3)
  A shard shrike (IceCv)
  Bai Suzhen (Vaults:5)
  3 curse toes
  Saint Roka (Snake:4)
  8 caustic shrikes (Depths:4)
  The ghost of Marixus the Executioner, an adept HOFi of Beogh (Vaults:3)
  16 golden dragons
  Jory (Vaults:4)
  A bone dragon (Crypt:3)
  A pearl dragon (Zig:4)
  4 Tzitzimimeh
  An electric golem (Zot:2)
  2 Brimstone Fiends
  5 pandemonium lords
  An iron giant (Zig:7)
  6 liches
  An Ice Fiend (Tomb:2)
  2 walking crystal tomes (Depths:2)
  A Hell Sentinel (Zig:14)
  Asterion (Vaults:1)
  17 tentacled monstrosities
  7 Orb Guardians (Zot:5)
  8 deep elf blademasters
  16 deep elf master archers
  11 quicksilver dragons
  A searing wretch (Zig:22)
  8 titans
  5 tentacled starspawn
  2 eldritch tentacles
  15 sphinxes
  6 krakens
  15 death cobs
  23 acid blobs
  9 ancient champions
  An Executioner (Zig:11)
  Gastronok (Lair:3)
  The ghost of lawman0 the Covert, an adept GnDe of Fedhas (Snake:4)
  9 draconian monks
  Kirke (Shoals:1)
  Roxanne (Shoals:4)
  9 tengu reavers
  9 shadow dragons
  34 nagarajas
  14 storm dragons
  4 revenants
  12 azure jellies
  5 deep elf sorcerers
  Ilsuiw (Shoals:4)
  12 fire giants
  10 rockslimes
  2 demonspawn warmongers
  6 frost giants
  A quicksilver elemental (Zig:7)
  2 draconian knights
  5 draconian scorchers
  A cacodemon (Zig:14)
  2 orc warlords
  10 ghost moths
  Aizul (Crypt:1)
  18 balrugs
  17 vault wardens
  7 draconian stormcallers
  6 curse skulls
  4 deep elf elementalists (Elf:3)
  15 ghouls
  An angel (Zig:4)
  23 ironbound preservers
  A juggernaut zombie (Crypt:2)
  A spriggan defender (Depths:1)
  11 quicksilver oozes
  7 draconian shifters
  4 emperor scorpions
  10 draconian annihilators
  5 demonspawn corrupters
  27 very ugly things
  7 war gargoyles
  A juggernaut skeleton (Tomb:1)
  10 vampire knights
  8 bennus
  11 green draconians
  9 deep elf demonologists
  19 stone giants
  Azrael (Elf:1)
  2 demonspawn blood saints
  2 ophanim (Zig:4)
  9 white draconians
  8 deep elf annihilators
  2 lorocyprocas
  15 red draconians
  11 yellow draconians
  5 spark wasps
  A bunyip (Zig:5)
  17 black draconians
  3 demonspawn black suns
  4 entropy weavers
  8 deep elf death magi
  8 dire elephants
  15 purple draconians
  20 merfolk javelineers
  A minotaur (Gauntlet)
  3 crystal guardians (Crypt:3)
  14 ettins
  3 iron golems (Zig:7)
  An eleionoma (Zig:5)
  10 merfolk impalers
  11 fire dragons
  8 blizzard demons
  28 mummy priests
  10 eidola
  The ghost of Figureslego113 the Spry, a journeyman FeBe of Trog (Lair:5)
  2 deep elf high priests (Elf:3)
  A green death (Zig:14)
  A great orb of eyes (shapeshifter) (Zig:21)
  5 ironbound thunderhulks
  9 great orbs of eyes
  34 vault guards
  9 hydras
  23 yaktaur captains
  2 rakshasas
  9 boulder beetles
  8 ice dragons
  A peacekeeper (Vaults:3)
  3 hell beasts
  An ogre mage (D:15)
  4 spriggan air magi
  8 merfolk aquamancers
  19 naga warriors
  15 anacondas
  A catoblepas (shapeshifter) (Vaults:5)
  11 centaur warriors
  6 merfolk avatars
  5 satyrs (Zig:20)
  2 ghost crabs (Zig:11)
  14 ironbound frosthearts
  15 salamander tyrants
  2 catoblepae
  10 deep troll shamans
  5 tengu warriors
  7 two-headed ogres
  63 death scarabs
  2 death knights
  26 dancing weapons
  7 death yaks
  3 vampire magi
  9 deep troll earth magi
  3 orc high priests (Orc:2)
  2 hell hogs (Zig:22)
  3 thrashing horrors (Zig:16)
  2 spriggan berserkers
  5 shock serpents
  4 soul eaters
  A titan zombie (Crypt:3)
  Nergalle (Lair:3)
  3 fire crabs (Zig:13)
  Urug (Lair:3)
  2 titan skeletons (Crypt:1)
  3 crystal echidnas (Zig:7)
  A shock serpent (shapeshifter) (Zig:21)
  24 naga sharpshooters
  2 wretched stars
  A sixfirhy (Gauntlet)
  5 shadow wraiths
  2 spatial maelstroms (Zig:16)
  18 hell knights
  2 spectral death yaks (Lair:6)
  12 deep elf knights
  4 salamander mystics
  48 skeletal warriors
  A goliath frog (Zig:5)
  A deep troll (shapeshifter) (Vaults:5)
  3 iron trolls
  A quicksilver dragon simulacrum (Depths:3)
  15 sea snakes
  A spectral anaconda (Lair:6)
  3 glowing orange brains
  3 orange crystal statues
  A kraken simulacrum (Shoals:4)
  8 flayed ghosts
  48 deep trolls
  A shadow demon (Zig:14)
  5 bog bodies (Crypt:1)
  5 obsidian statues
  11 deep elf archers
  14 ironbound convokers
  9 wizards
  2 death drakes (Depths:4)
  5 naga ritualists
  20 phantasmal warriors
  Pikel (D:7)
  A harpy (shapeshifter) (Vaults:5)
  11 orc knights
  A lindwurm (shapeshifter) (Zig:18)
  A golden dragon skeleton (Crypt:3)
  18 harpies
  25 deep elf pyromancers
  An anaconda skeleton (Crypt:3)
  35 deep elf zephyrmancers
  A human zombie (Vaults:3)
  4 fauns
  17 necromancers
  3 shining eyes
  9 mana vipers
  10 manticores
  2 shining eyes (shapeshifter)
  6 orc sorcerers
  50 ugly things
  5 wolf spiders
  4 orb spiders
  29 moths of wrath
  A stone giant zombie (Vaults:5)
  8 merfolk sirens
  A salamander (shapeshifter) (Zig:18)
  An orb spider (shapeshifter) (Zig:21)
  A faun (shapeshifter) (Vaults:3)
  An iron dragon skeleton (Tomb:2)
  3 dire elephant zombies
  An elephant (shapeshifter) (Zig:9)
  18 elephants
  A naga zombie (Tomb:1)
  4 water nymphs
  7 guardian serpents
  4 ice statues
  14 cyclopes
  15 salamanders
  A water nymph (shapeshifter) (Zig:8)
  7 smoke demons
  19 vault sentinels
  38 black mambas
  A rust devil (Depths:2)
  3 eyes of devastation
  2 torpor snails
  16 naga magi
  A stone giant skeleton (Crypt:3)
  A gargoyle (D:10)
  5 apocalypse crabs
  A minotaur zombie (Gauntlet)
  3 unseen horrors
  4 hellions
  12 cane toads
  An elephant slug zombie (Crypt:1)
  3 freezing wraiths
  A centaur skeleton (Crypt:3)
  20 rime drakes
  53 yaktaurs
  A spriggan skeleton (Crypt:3)
  3 tormentors
  5 efreet
  5 demonic crawlers
  7 komodo dragons
  A komodo dragon (shapeshifter) (Vaults:5)
  A yaktaur zombie (Vaults:5)
  2 dire elephant skeletons (Lair:6)
  2 hellwings
  3 tengu conjurers
  A catoblepas skeleton (Crypt:2)
  A grey draconian skeleton (Crypt:2)
  An ice devil (Zig:16)
  4 ancient zymes (Zig:16)
  4 harpy zombies
  A troll (shapeshifter) (Vaults:5)
  2 wind drakes (shapeshifter) (Zig:21)
  54 guardian mummies
  A queen bee (shapeshifter) (Zig:21)
  7 trolls
  A silent spectre (Zig:16)
  A red devil (Zig:14)
  A tyrant leech (Zig:5)
  8 jumping spiders
  3 meliai (Gauntlet)
  5 hornets
  70 slime creatures
  23 polar bears
  42 merfolk
  A raiju (Zig:16)
  25 blink frogs
  6 wind drakes
  29 dream sheep
  2 harpy skeletons
  6 large abominations (Zig:16)
  2 fire dragon zombies
  6 small abominations (Zig:16)
  10 snapping turtles
  A slime creature (shapeshifter) (Zig:21)
  A dream sheep (shapeshifter) (Zig:2)
  An ettin zombie (Crypt:1)
  A spectral elephant (Lair:6)
  A hydra skeleton (Crypt:1)
  63 flying skulls
  An ettin skeleton (Vaults:5)
  4 air elementals
  A snapping turtle (shapeshifter) (Zig:21)
  A satyr skeleton (Crypt:1)
  4 starcursed masses (Abyss:3)
  24 water elementals
  3 spriggans
  A shadow (D:13)
  47 yaks
  16 redbacks
  9 ushabtiu
  6 vampires
  3 wraiths
  3 hogs (Shoals:1)
  6 tarantellas
  6 golden eyes
  11 wyverns
  7 basilisks
  11 fire elementals
  4 alligator snapping turtle simulacra (Shoals:4)
  5 vampire mosquitoes
  3 death yak simulacra
  A steam dragon (D:8)
  5 chaos spawn
  3 sea snake simulacra (Shoals:4)
  12 wargs
  A spectral cane toad (Lair:6)
  An elf skeleton (Vaults:3)
  4 neqoxecs
  6 two-headed ogre zombies (WizLab)
  A swamp worm (shapeshifter) (Zig:21)
  3 harpy simulacra
  35 nagas
  5 hell hounds
  2 ice beasts
  A two-headed ogre skeleton (Crypt:1)
  16 water moccasins
  7 hydra simulacra (Depths:1)
  38 orc warriors
  A swamp drake (shapeshifter) (Zig:21)
  2 floating eyes
  A sky beast (D:6)
  A black bear (shapeshifter) (D:15)
  8 ogres
  2 black bears (D:4)
  3 satyr simulacra (Shoals:4)
  3 elephant zombies (Lair:6)
  16 wolves
  4 necrophages
  A swamp dragon skeleton (Crypt:3)
  A manticore skeleton (Crypt:1)
  A lindwurm skeleton (Crypt:1)
  A phantom (D:5)
  23 centaurs
  5 kobold brigands
  An octopode zombie (Crypt:1)
  4 lemures (D:7)
  A palentonga zombie (Crypt:2)
  6 earth elementals
  16 bullfrogs
  A scorpion (D:6)
  9 gnoll sergeants
  2 merfolk simulacra (Shoals:4)
  A faun simulacrum (Shoals:4)
  A human skeleton (Vaults:3)
  A wyvern skeleton (Crypt:2)
  A wyvern zombie (D:6)
  8 killer bees (D:8)
  3 snapping turtle simulacra (Shoals:4)
  4 troll zombies (WizLab)
  2 elephant simulacra (Lair:6)
  4 howler monkeys
  14 wights
  5 electric eels
  A yak skeleton (Crypt:1)
  5 centaur zombies
  2 bullfrog zombies (D:6)
  4 jellies
  6 gnoll shamans (Bailey)
  17 orc priests
  12 hounds
  3 cyclops simulacra (Shoals:4)
  4 iguanas
  24 orc wizards
  5 ogre zombies (WizLab)
  A demigod skeleton (Crypt:2)
  2 naga skeletons
  42 mummies
  Robin (D:4)
  29 gnolls
  8 adders
  A shadow imp (D:8)
  A white imp (D:6)
  3 ufetubi (Gauntlet)
  An adder skeleton (D:4)
  2 worms (D:3)
  5 dart slugs
  63 orcs
  A bat zombie (Crypt:1)
  6 endoplasms
  3 giant cockroaches
  15 goblins
  7 hobgoblins
  A jackal (D:2)
  42 kobolds
  6 quokkas
  5 ball pythons
  7 bats
  4 frilled lizards
  8 rats
  A rat skeleton (Crypt:2)
  A river rat skeleton (Crypt:2)
  A fire vortex (Depths:3)
  8 starspawn tentacles
  11 tentacles
3264 creatures vanquished.

Vanquished Creatures (collateral kills)
  A hydra (Lair:2)
  A salamander (Snake:4)
  A komodo dragon (Lair:2)
  A naga (Snake:4)
  A hell hound (Zig:13)
  A water moccasin (Lair:2)
6 creatures vanquished.

Vanquished Creatures (others)
  A hellephant (Zig:22)
  A white draconian (IceCv)
  A shadow wraith (Depths:3)
  A deep elf pyromancer (Elf:3)
  A golden eye (Slime:1)
  An orc priest (Orc:2)
  3 ball lightnings (Zig:6)
  22 fungi
  149 plants
  12 starspawn tentacles
  24 tentacles
  16 withered plants (Lair:6)
232 creatures vanquished.

Grand Total: 3502 creatures vanquished

Notes
Turn   | Place    | Note
-------+----------+-------------------------------------------
     0 | D:1      | frimble the Octopode Venom Mage began the quest for the
                  | Orb.
     0 | D:1      | Reached XP level 1. HP: 11/11 MP: 3/3
   223 | D:1      | Reached XP level 2. HP: 17/17 MP: 3/5
   359 | D:1      | Found a faded altar of an unknown god.
   711 | D:1      | Reached XP level 3. HP: 21/21 MP: 1/6
  1222 | D:2      | Reached skill level 5 in Poison Magic
  1449 | D:2      | Reached XP level 4. HP: 27/27 MP: 7/7
  1462 | D:2      | Learned a level 4 spell: Olgreb's Toxic Radiance
  1868 | D:2      | Reached XP level 5. HP: 31/31 MP: 8/8
  2284 | D:3      | You fall into a shaft and drop 2 floors!
  2284 | D:5      | Entered Level 5 of the Dungeon
  2284 | D:5      | Noticed a kobold brigand
  2294 | D:5      | Killed a kobold brigand
  2295 | D:5      | Reached XP level 6. HP: 14/36 MP: 2/9
  2471 | D:3      | You fall into a shaft and drop 1 floor!
  2471 | D:4      | Noticed a black bear
  2471 | D:4      | Noticed a black bear
  2527 | D:4      | Killed a black bear
  3351 | D:4      | Learned a level 3 spell: Ignite Poison
  3442 | D:4      | Noticed Robin
  3446 | D:4      | Reached skill level 1 in Fire Magic
  3446 | D:4      | Reached XP level 7. HP: 41/41 MP: 5/10
  3819 | D:5      | Noticed a +0 falchion
  3819 | D:5      | Noticed a +0 short sword
  3820 | D:5      | Noticed a +0 spear
  3820 | D:5      | Noticed a +0 dagger
  3820 | D:5      | Noticed a +0 dagger
  3823 | D:5      | Noticed a +0 spear
  3823 | D:5      | Noticed a +0 short sword
  3824 | D:5      | Noticed a +0 falchion
  3826 | D:5      | Found a hide-covered altar of Uskayaw.
  4046 | D:6      | Reached XP level 8. HP: 36/47 MP: 0/12
  4205 | D:6      | Reached skill level 1 in Shields
  4806 | D:4      | Found a shadowy altar of Dithmenos.
  4817 | D:4      | Found a bloodstained altar of Trog.
  4817 | D:4      | Found a sacrificial altar of Ru.
  4826 | D:4      | Found an ornate altar of the Wu Jian Council.
  4908 | D:4      | Killed Robin
  5070 | D:5      | Reached skill level 1 in Fighting
  5070 | D:5      | Reached skill level 1 in Short Blades
  5433 | D:6      | Reached skill level 1 in Evocations
  5597 | D:6      | Found a sparkling altar of Nemelex Xobeh.
  5750 | D:6      | Found a staircase to the Ecumenical Temple.
  5863 | D:7      | Reached skill level 2 in Evocations
  5871 | D:7      | Reached XP level 9. HP: 55/55 MP: 5/13
  6071 | D:8      | Noticed a cyclops
  6078 | D:8      | Killed a cyclops
  6079 | D:8      | Reached skill level 5 in Stealth
  6079 | D:8      | Reached skill level 3 in Evocations
  6211 | D:8      | Noticed a cyclops
  6214 | D:8      | Killed a cyclops
  6215 | D:8      | Reached skill level 4 in Evocations
  6848 | D:8      | Identified the +9 war axe of Reasonable Tenacity {pain,
                  | Will+ Str+3 SInv}
  7032 | D:8      | Found a snail-covered altar of Cheibriados.
  7033 | D:8      | Found a glowing silver altar of Zin.
  7228 | D:8      | Found the +3 Elemental Staff {rElec rF++ rC++ AC+5}
  7384 | D:9      | Found a staircase to the Orcish Mines.
  7428 | D:9      | Found a flagged portal.
  7438 | Bailey   | Entered a bailey
  7536 | Bailey   | Reached skill level 1 in Staves
  7547 | Bailey   | Reached skill level 5 in Evocations
  7569 | Bailey   | Reached skill level 5 in Fighting
  7569 | Bailey   | Reached XP level 10. HP: 66/66 MP: 1/14
  8292 | Bailey   | Gained mutation: You are partially covered in large bone
                  | plates. (SH +4) [potion of mutation]
  8292 | Bailey   | Gained mutation: You are robust. (+10% HP) [potion of
                  | mutation]
  8636 | D:9      | Noticed a red ugly thing
  8673 | D:9      | Killed a red ugly thing
  9634 | D:10     | Entered Level 10 of the Dungeon
  9780 | D:10     | Killed an unseen horror
  9870 | D:10     | Found a shimmering altar of Xom.
  9978 | D:10     | Found a staircase to the Lair.
 10150 | D:10     | Reached skill level 5 in Staves
 10212 | D:10     | Found a stormy altar of Qazlal.
 10238 | D:10     | Found an opulent altar of Gozag.
 10265 | D:10     | Noticed a gargoyle
 10407 | D:7      | Noticed Pikel
 10411 | D:7      | Killed Pikel
 10412 | D:7      | Reached XP level 11. HP: 81/82 MP: 12/17
 10471 | D:7      | Found a shimmering blue altar of Sif Muna.
 10472 | D:7      | Found an ancient bone altar of Kikubaaqudgha.
 10472 | D:7      | Found a radiant altar of Vehumet.
 10475 | D:7      | Got Kikubaaqudgha's Almanac of Dark Magic
 10778 | D:8      | Noticed a red ugly thing
 10780 | D:8      | Reached skill level 5 in Fire Magic
 10786 | D:8      | Killed a red ugly thing
 10787 | D:8      | Reached skill level 5 in Spellcasting
 11124 | D:8      | Found a hazy altar of Hepliaklqana.
 11635 | D:11     | Learned a level 6 spell: Statue Form
 11726 | Orc:1    | Entered Level 1 of the Orcish Mines
 11980 | Orc:2    | Entered Level 2 of the Orcish Mines
 11982 | Orc:2    | Noticed an orc knight
 11990 | Orc:2    | Killed an orc knight
 11991 | Orc:2    | Reached skill level 1 in Earth Magic
 12176 | D:8      | Became a worshipper of Cheibriados the Contemplative
 12221 | Lair:1   | Entered Level 1 of the Lair of Beasts
 12518 | Lair:1   | Reached * piety under Cheibriados
 12578 | Lair:1   | Reached XP level 12. HP: 92/92 MP: 14/21
 13298 | Lair:2   | Found a staircase to the Snake Pit.
 13335 | Lair:2   | Noticed a six-headed hydra
 13344 | Lair:2   | Killed a six-headed hydra
 13351 | Lair:2   | Reached skill level 5 in Transmutations
 13358 | Lair:2   | Noticed a death yak
 13457 | Lair:2   | Noticed a death yak
 13458 | Lair:2   | Noticed a death yak
 13466 | Lair:2   | Killed a death yak
 13470 | Lair:2   | Killed a death yak
 13481 | Lair:2   | Killed a death yak
 13657 | Lair:2   | Reached ** piety under Cheibriados
 13684 | Lair:2   | Reached skill level 5 in Earth Magic
 13911 | Lair:2   | Noticed a death yak
 13912 | Lair:2   | Noticed a death yak
 13913 | Lair:2   | Noticed a death yak
 13918 | Lair:2   | Killed a death yak
 13918 | Lair:2   | Killed a death yak
 13918 | Lair:2   | Killed a death yak
 13919 | Lair:2   | Reached skill level 10 in Fighting
 13986 | Lair:2   | Reached XP level 13. HP: 101/101 MP: 22/22
 14295 | Lair:3   | Noticed Gastronok
 14507 | Lair:3   | Noticed Nergalle
 14516 | Lair:3   | Killed Nergalle
 14521 | Lair:3   | Noticed Urug
 14522 | Lair:3   | Reached *** piety under Cheibriados
 14530 | Lair:3   | Killed Urug
 14666 | Lair:3   | Learned a level 8 spell: Ignition
 14951 | Lair:3   | Killed Gastronok
 15372 | Lair:3   | Found a staircase to the Shoals.
 15874 | Lair:4   | Reached skill level 10 in Staves
 15881 | Lair:4   | Reached **** piety under Cheibriados
 16150 | Lair:4   | Identified the ring "Binif" {rF+ Int+4 SInv}
 16671 | Lair:5   | Found a viscous altar of Jiyva.
 16678 | Lair:5   | Found a staircase to the Slime Pits.
 16699 | Lair:5   | Reached ***** piety under Cheibriados
 16967 | Lair:5   | Reached XP level 14. HP: 108/108 MP: 12/23
 16973 | Lair:5   | Found a runed translucent gate.
 16973 | Lair:5   | Found a runed translucent gate.
 17032 | Lair:5   | Found a runed translucent gate.
 17033 | Lair:5   | Noticed Figureslego113's ghost (journeyman FeBe)
 17096 | Lair:5   | Found a snail-covered altar of Cheibriados.
 17499 | Lair:6   | Entered Level 6 of the Lair of Beasts
 17688 | Lair:6   | Reached skill level 10 in Transmutations
 17797 | Lair:6   | Reached ****** piety under Cheibriados
 17983 | Lair:6   | Noticed a dire elephant
 17983 | Lair:6   | Noticed a dire elephant
 17983 | Lair:6   | Noticed a dire elephant
 17984 | Lair:6   | Noticed a dire elephant
 17988 | Lair:6   | Noticed a dire elephant
 18000 | Lair:6   | Killed a dire elephant
 18007 | Lair:6   | Noticed a dire elephant
 18015 | Lair:6   | Killed a dire elephant
 18016 | Lair:6   | Reached skill level 6 in Evocations
 18158 | Lair:6   | Reached skill level 10 in Earth Magic
 18840 | Lair:6   | Reached skill level 7 in Evocations
 18872 | Lair:6   | Killed a dire elephant
 18882 | Lair:6   | Killed a dire elephant
 18887 | Lair:6   | Killed a dire elephant
 18896 | Lair:6   | Reached XP level 15. HP: 75/113 MP: 19/24
 18951 | Lair:6   | Identified the ring "Segumeng" {EV+4 Str+4}
 19150 | Lair:5   | Killed Figureslego113's ghost
 19705 | Orc:2    | Reached skill level 8 in Evocations
 19717 | Orc:2    | Found a staircase to the Elven Halls.
 20037 | Orc:2    | Reached skill level 1 in Invocations
 20122 | Orc:2    | Found Akhlupt's General Store.
 20122 | Orc:2    | Found Osit Guh's Jewellery Shoppe.
 20126 | Orc:2    | Found Renu's Book Shoppe.
 20126 | Orc:2    | Found Hinem's Antique Armour Boutique.
 20140 | Orc:2    | Bought a runed kite shield for 202 gold pieces
 20141 | Orc:2    | Bought a manual of Shields for 1280 gold pieces
 20306 | Orc:1    | Noticed an orc warlord
 20324 | Orc:1    | Killed an orc warlord
 20597 | Elf:1    | Entered Level 1 of the Elven Halls
 20637 | Elf:1    | Reached skill level 5 in Shields
 20900 | Elf:1    | Got Anworghown's Almanac of Supportive Blows and Bruises
 21090 | Elf:1    | Noticed Azrael
 21115 | Elf:1    | Killed Azrael
 21511 | Orc:2    | Bought the ring "Retam" {rPois rC+ Str+4 Int+6} for 1531
                  | gold pieces
 21644 | D:11     | Reached skill level 9 in Evocations
 21898 | D:11     | Reached XP level 16. HP: 122/122 MP: 26/26
 22089 | D:11     | Found Tulullou's Magic Scroll Boutique.
 22508 | D:12     | You fall into a shaft and drop 2 floors!
 22508 | D:14     | Found a frozen archway.
 22526 | IceCv    | Entered an ice cave
 22556 | IceCv    | Reached skill level 5 in Dodging
 23044 | IceCv    | Reached skill level 5 in Invocations
 23046 | IceCv    | Reached skill level 10 in Shields
 23094 | IceCv    | Noticed a shard shrike
 23100 | IceCv    | Killed a shard shrike
 23102 | IceCv    | Reached skill level 10 in Evocations
 23515 | D:15     | Entered Level 15 of the Dungeon
 23545 | D:15     | Found a gate leading to a gauntlet.
 23552 | Gauntlet | Entered a Gauntlet
 23552 | Gauntlet | Found a transporter.
 23552 | Gauntlet | Found a runed translucent door.
 23555 | Gauntlet | Found a runed translucent door.
 23561 | Gauntlet | Found a transporter.
 23563 | Gauntlet | Found a transporter.
 23574 | Gauntlet | Found a transporter.
 23577 | Gauntlet | Found a transporter.
 23585 | Gauntlet | Found a transporter.
 23606 | Gauntlet | Found a transporter.
 23617 | Gauntlet | Found a transporter.
 23628 | Gauntlet | Found a transporter.
 23647 | Gauntlet | Found a transporter.
 23661 | Gauntlet | Found a transporter.
 23663 | Gauntlet | Found a transporter.
 23710 | Gauntlet | Found a transporter.
 23725 | Gauntlet | Found a transporter.
 23898 | Gauntlet | Identified the +1 hat of Resonance {rN+ Str+6 Int-5}
 23926 | Gauntlet | Identified the ring of Berphiut {Fire +Blink rPois Str-2
                  | SInv}
 24031 | Gauntlet | Identified the amulet "Ymyjeremu" {Fragile rElec rPois
                  | Regen+}
 24031 | Gauntlet | Identified the +5 rapier of Tiucveami {freeze, Dex+5}
 24031 | Gauntlet | Identified the ring of Megalomania {rPois rC+ Str+4}
 24543 | D:15     | Paralysed by a great orb of eyes for 6 turns
 24626 | D:15     | Found a staircase to the Depths.
 25028 | D:14     | Found Saiwer's Distillery.
 25152 | D:14     | Found Moratiuh's Jewellery Shop.
 25164 | D:14     | Found Jiolomuv's Distillery.
 25173 | D:14     | Bought a potion of heal wounds for 70 gold pieces
 25173 | D:14     | Bought a potion of heal wounds for 70 gold pieces
 25173 | D:14     | Bought a potion of heal wounds for 70 gold pieces
 25173 | D:14     | Bought a potion of cancellation for 112 gold pieces
 25173 | D:14     | Bought a potion of mutation for 112 gold pieces
 25179 | D:14     | Found Sauruuj's Jewellery Emporium.
 25216 | D:14     | Reached XP level 17. HP: 128/128 MP: 27/27
 25828 | D:13     | Reached skill level 11 in Evocations
 25837 | D:13     | Found a gate to the Vaults.
 26511 | D:12     | Found a glowing silver altar of Zin.
 26900 | Elf:2    | Found a runed translucent gate.
 26900 | Elf:2    | Found a runed translucent gate.
 26919 | Elf:2    | Found a runed translucent gate.
 26947 | Elf:2    | Found Enwik's Weapon Shop.
 27038 | Elf:2    | Found a portal to a secret trove of treasure.
 27238 | Elf:3    | Entered Level 3 of the Elven Halls
 27250 | Elf:3    | Noticed a deep elf blademaster
 27255 | Elf:3    | Killed a deep elf blademaster
 27267 | Elf:3    | Noticed a deep elf master archer
 27270 | Elf:3    | Killed a deep elf master archer
 27325 | Elf:3    | Noticed a deep elf blademaster
 27330 | Elf:3    | Killed a deep elf blademaster
 27444 | Elf:3    | Noticed a deep elf blademaster
 27449 | Elf:3    | Killed a deep elf blademaster
 27450 | Elf:3    | Noticed a deep elf master archer
 27455 | Elf:3    | Killed a deep elf master archer
 27464 | Elf:3    | Reached XP level 18. HP: 136/136 MP: 14/28
 27470 | Elf:3    | Reached skill level 15 in Shields
 27667 | Elf:3    | Got Sif Muna's Catalogue of Flamy Creation
 27691 | Elf:3    | Noticed a deep elf blademaster
 27697 | Elf:3    | Killed a deep elf blademaster
 27701 | Elf:3    | Reached skill level 12 in Evocations
 27759 | Elf:3    | Identified the +5 ring mail "Duussadd" {rPois Int+3}
 27759 | Elf:3    | Noticed a deep elf master archer
 27771 | Elf:3    | Killed a deep elf master archer
 27854 | Elf:3    | Found the +10 zealot's sword {holy, *Rage rN+ EV+3}
 27872 | Elf:3    | Identified the ring of Yjaricu {rPois Int+6 Dex+2 Slay+3}
 27896 | Elf:3    | Got Jiur Buvell's Compendium of Ice
 27899 | Elf:3    | Identified the +6 dagger of Bile {vamp, *Corrode rElec
                  | Str+5}
 27939 | Elf:3    | Identified the +5 broad axe "Vedgh" {protect, Dex+2}
 27966 | Elf:3    | Got Vehumet's Compendium of Confrontation
 27979 | Elf:3    | Got the Handbook of Captivating Intoxication
 28006 | Elf:3    | Identified the +6 spear "Asiasuki" {freeze, rPois Int+3}
 28007 | Elf:3    | Identified the +1 plate armour of the Lotus Blossom
                  | {Rampage +Inv rC+ Will+}
 28079 | Elf:3    | Got Sif Muna's Tome of Companions
 28388 | Elf:3    | Cast into level 3 of the Abyss (a deep elf demonologist)
 28413 | Elf:3    | Escaped the Abyss
 28446 | Elf:3    | Identified a scroll of acquirement
 28457 | Elf:3    | Acquired the Papyrus of Warped Transformation
 29120 | Snake:1  | Entered Level 1 of the Snake Pit
 29959 | Snake:2  | Reached skill level 10 in Invocations
 30799 | Snake:3  | Reached skill level 13 in Evocations
 30842 | Snake:3  | Reached skill level 10 in Dodging
 31124 | Snake:3  | Noticed Vashnia
 31143 | Snake:3  | Killed Vashnia
 31152 | Snake:3  | Reached XP level 19. HP: 145/145 MP: 29/29
 31344 | Snake:4  | Entered Level 4 of the Snake Pit
 31351 | Snake:4  | Found a transporter.
 31376 | Snake:4  | Found a transporter.
 31378 | Snake:4  | Found a bloodstained altar of Trog.
 31378 | Snake:4  | Noticed lawman0's ghost (adept GnDe)
 31494 | Snake:4  | Killed lawman0's ghost
 31932 | Snake:4  | Noticed Saint Roka
 31939 | Snake:4  | Killed Saint Roka
 32590 | Snake:4  | Got a serpentine rune of Zot
 32867 | Snake:2  | Identified the +0 leather armour of Jicaon {rF+ rC+}
 32932 | Shoals:1 | Entered Level 1 of the Shoals
 32963 | Shoals:1 | Reached skill level 14 in Evocations
 33168 | Shoals:1 | Noticed Kirke
 33178 | Shoals:1 | Killed Kirke
 33960 | Shoals:2 | Reached XP level 20. HP: 155/155 MP: 31/31
 34400 | Shoals:2 | Found a runed translucent door.
 34861 | Shoals:3 | Reached skill level 10 in Fire Magic
 35438 | Shoals:4 | Entered Level 4 of the Shoals
 35477 | Shoals:4 | Found a runed translucent gate.
 35477 | Shoals:4 | Found a runed translucent gate.
 35484 | Shoals:4 | Acquired 1000 gold pieces
 35500 | Shoals:4 | Found a runed translucent gate.
 35523 | Shoals:4 | Noticed Ilsuiw
 35536 | Shoals:4 | Killed Ilsuiw
 35812 | Shoals:4 | Noticed Roxanne
 35836 | Shoals:4 | Killed Roxanne
 35958 | Shoals:4 | Got a barnacled rune of Zot
 36161 | Shoals:4 | Reached skill level 15 in Evocations
 36903 | Vaults:1 | Entered Level 1 of the Vaults
 36965 | Vaults:1 | Noticed Asterion
 36977 | Vaults:1 | Killed Asterion
 36988 | Vaults:1 | Found a magical portal.
 36994 | WizLab   | Entered Zonguldrok's Shrine
 37195 | WizLab   | Reached XP level 21. HP: 163/163 MP: 34/34
 37231 | WizLab   | Noticed an antique lich
 37240 | WizLab   | Killed an antique lich
 37259 | WizLab   | Found the +9 sword of Zonguldrok {reap}
 37735 | Vaults:1 | Found Jacehyr's Antique Weapon Shop.
 38835 | Vaults:2 | Reached skill level 16 in Evocations
 39013 | Vaults:2 | Reached skill level 15 in Fighting
 39013 | Vaults:2 | Reached skill level 10 in Spellcasting
 39281 | Vaults:2 | Found a staircase to the Crypt.
 39940 | Vaults:3 | Found a runed translucent door.
 39942 | Vaults:3 | Noticed Marixus's ghost (adept HOFi)
 39994 | Vaults:3 | Noticed a dread lich
 40002 | Vaults:3 | Killed a dread lich
 40054 | Vaults:3 | Reached XP level 22. HP: 172/172 MP: 36/36
 40342 | Vaults:3 | Killed Marixus's ghost
 41291 | Vaults:4 | Reached skill level 17 in Evocations
 41343 | Vaults:4 | Paralysed by a sphinx for 6 turns
 41882 | Vaults:4 | Noticed Jory
 41895 | Vaults:4 | Killed Jory
 42214 | Depths:1 | Entered Level 1 of the Depths
 42214 | Depths:1 | Found a gateway to Hell.
 42288 | Depths:1 | Reached skill level 15 in Dodging
 42408 | Depths:1 | Found Hivih's CLEARANCE SALE!.
 42556 | Depths:1 | Bought a tin of tremorstones (2/2) for 240 gold pieces
 42765 | Depths:1 | Found a one-way gate leading to the halls of Pandemonium.
 42924 | Depths:1 | Noticed a juggernaut
 42933 | Depths:1 | Killed a juggernaut
 43059 | Depths:1 | Found Saju Veb's General Store.
 43067 | Depths:1 | Bought 2 potions of curing for 78 gold pieces
 43067 | Depths:1 | Bought a scroll of magic mapping for 45 gold pieces
 43067 | Depths:1 | Bought a potion of resistance for 130 gold pieces
 43127 | Depths:1 | Reached XP level 23. HP: 182/182 MP: 20/37
 43220 | Depths:1 | Found a gateway to a ziggurat.
 43510 | Depths:1 | Paralysed by a floating eye for 2 turns
 44033 | Depths:2 | You fall into a shaft and drop 1 floor!
 44048 | Depths:3 | Reached skill level 18 in Evocations
 44938 | Depths:3 | Reached XP level 24. HP: 193/193 MP: 37/37
 45057 | Depths:3 | Found a one-way gate to the infinite horrors of the Abyss.
 45381 | Depths:3 | Found Wuvvewn's Armour Boutique.
 45605 | Depths:3 | Identified the amulet of Uperrunawe {Acrobat rN+ Int+2}
 45610 | Depths:3 | Identified the ring of Paofanonn {rF+ Will+}
 45816 | Depths:4 | Entered Level 4 of the Depths
 45836 | Depths:4 | Noticed a caustic shrike
 45843 | Depths:4 | Noticed a caustic shrike
 45847 | Depths:4 | Noticed a caustic shrike
 45851 | Depths:4 | Killed a caustic shrike
 45857 | Depths:4 | Killed a caustic shrike
 45860 | Depths:4 | Killed a caustic shrike
 45998 | Depths:4 | Found an iron altar of Okawaru.
 45999 | Depths:4 | Noticed a caustic shrike
 46000 | Depths:4 | Noticed a caustic shrike
 46000 | Depths:4 | Noticed a caustic shrike
 46006 | Depths:4 | Noticed a caustic shrike
 46007 | Depths:4 | Noticed a caustic shrike
 46011 | Depths:4 | Killed a caustic shrike
 46012 | Depths:4 | Reached skill level 10 in Stealth
 46015 | Depths:4 | Killed a caustic shrike
 46017 | Depths:4 | Killed a caustic shrike
 46018 | Depths:4 | Killed a caustic shrike
 46020 | Depths:4 | Killed a caustic shrike
 46240 | Depths:4 | Reached XP level 25. HP: 201/201 MP: 36/37
 46242 | Depths:4 | Reached skill level 15 in Fire Magic
 46510 | Depths:4 | Found Felom's Book Emporium.
 46510 | Depths:4 | Found Nuoriset's Jewellery Boutique.
 46511 | Depths:4 | Found Moessaoj's Book Emporium.
 46520 | Depths:4 | Learned a level 2 spell: Blink
 46523 | Depths:4 | Learned a level 2 spell: Passwall
 46525 | Depths:4 | Learned a level 1 spell: Apportation
 46832 | Depths:4 | Reached skill level 19 in Evocations
 47040 | Depths:4 | Found a gate to the Realm of Zot.
 47431 | Depths:4 | Acquired a book of Armaments
 47810 | Vaults:5 | Entered Level 5 of the Vaults
 48142 | Vaults:5 | Noticed Bai Suzhen
 48155 | Vaults:5 | Killed Bai Suzhen
 48172 | Vaults:5 | Reached skill level 20 in Evocations
 48215 | Vaults:5 | Found the +3 crown of Dyrovepreva {rElec Int+2 SInv}
 48338 | Vaults:5 | Identified the +9 trident "Zaskatuq" {freeze, Fly Str-3
                  | Int+4 Dex+6}
 48401 | Vaults:5 | Reached XP level 26. HP: 212/212 MP: 33/37
 48479 | Vaults:5 | Noticed Sojobo
 48494 | Vaults:5 | Killed Sojobo
 48559 | Vaults:5 | Noticed an ancient lich
 48569 | Vaults:5 | Killed an ancient lich
 48657 | Vaults:5 | Noticed Xtahua
 48664 | Vaults:5 | Killed Xtahua
 49208 | Vaults:5 | Found the +0 mask of the Dragon {Will+ Slay+3 SInv}
 49250 | Vaults:5 | Identified the +12 spear "Food" {protect, rPois rC- rN++
                  | Stlth-}
 49252 | Vaults:5 | Got a silver rune of Zot
 49371 | Crypt:1  | Entered Level 1 of the Crypt
 49425 | Crypt:1  | Noticed Aizul
 49431 | Crypt:1  | Killed Aizul
 49716 | Crypt:1  | You fall into a shaft and drop 1 floor!
 49764 | Crypt:2  | Found a runed translucent gate.
 50769 | Crypt:2  | Reached skill level 21 in Evocations
 50785 | Crypt:2  | Noticed Houmnergh's ghost (master GnTm)
 50795 | Crypt:2  | Found a runed translucent gate.
 50795 | Crypt:2  | Found a runed translucent gate.
 50835 | Crypt:2  | Killed Houmnergh's ghost
 51694 | Crypt:3  | Entered Level 3 of the Crypt
 52204 | Crypt:3  | Reached XP level 27. HP: 222/222 MP: 37/39
 52240 | Crypt:3  | Noticed a dread lich
 52251 | Crypt:3  | Killed a dread lich
 52289 | Crypt:3  | Found an ancient bone altar of Kikubaaqudgha.
 52332 | Crypt:3  | Identified the +5 battleaxe of Resumed Hostilities {vorpal,
                  | rF+}
 52399 | Crypt:3  | Found a staircase to the Tomb.
 52685 | Crypt:3  | Identified the ring "Fephiaxt" {rElec rC+ rN+ Dex+6 Stlth-}
 52685 | Crypt:3  | Identified the ring of Noyghuqeyti {rN+ Str+4}
 53266 | Zot:1    | Entered Level 1 of the Realm of Zot
 53404 | Zig:1    | Entered Level 1 of a ziggurat
 53424 | Zig:1    | Identified the +1 hand crossbow "Houcopro" {flame, rElec}
 53429 | Zig:2    | Entered Level 2 of a ziggurat
 53453 | Zig:2    | Identified the ring of Temperance {rPois rCorr Str+3 Dex+3
                  | Slay+4}
 53573 | Zig:3    | Entered Level 3 of a ziggurat
 53576 | Zig:3    | Noticed Westajoa the pandemonium lord
 53585 | Zig:3    | Killed Westajoa the pandemonium lord
 53623 | Zig:3    | Identified the +1 leather armour "Faqaerok" {rPois Str+5
                  | Int-2 Stlth+}
 53632 | Zig:4    | Entered Level 4 of a ziggurat
 53717 | Zig:5    | Entered Level 5 of a ziggurat
 53745 | Zig:6    | Entered Level 6 of a ziggurat
 53751 | Zig:6    | Found the +7 lajatang of Order {silver, rMut}
 53846 | Zig:7    | Entered Level 7 of a ziggurat
 53933 | Zig:7    | Identified the +0 chain mail of Leutt {Contam Rampage
                  | Will++ Regen+}
 53948 | Zig:8    | Entered Level 8 of a ziggurat
 53953 | Zig:8    | Noticed an ancient lich
 53961 | Zig:8    | Killed an ancient lich
 54019 | Zig:9    | Entered Level 9 of a ziggurat
 54026 | Zig:9    | Noticed Fuyvaustouzo the pandemonium lord
 54029 | Zig:9    | Killed Fuyvaustouzo the pandemonium lord
 54057 | Zig:9    | Got Sypounar's Papyrus of Battle Magic
 54206 | Zig:10   | Entered Level 10 of a ziggurat
 54240 | Zig:10   | Reached skill level 22 in Evocations
 54258 | Zig:10   | Identified the +4 robe of Wys Kyus {rN+ Will- SInv Stlth+}
 54259 | Zig:10   | Got the Almanac of the Volcanoes
 54367 | Zig:11   | Entered Level 11 of a ziggurat
 54377 | Zig:11   | Noticed frimble's ghost (legendary GnWn)
 54378 | Zig:11   | Noticed frimble's ghost (legendary DsIE)
 54383 | Zig:11   | HP: 9/292 [frimble's ghost/Shatter (226)]
 54942 | Zot:1    | Learned a level 9 spell: Polar Vortex
 55030 | Zot:1    | Reached skill level 1 in Ice Magic
 55247 | Zot:1    | Reached skill level 15 in Stealth
 55764 | Elf:2    | You paid a toll of a +8 demon whip to enter a treasure
                  | trove
 55765 | Trove    | Entered a treasure trove
 55813 | Trove    | Identified the amulet "Obikomy" {Regen+ rCorr}
 57072 | Zot:3    | Reached skill level 15 in Staves
 57399 | Zot:3    | Got the Disquisition on the Arsonist and Stones
 57833 | Zot:4    | Reached skill level 5 in Ice Magic
 58368 | Zot:5    | Entered Level 5 of the Realm of Zot
 58718 | Zot:5    | Reached skill level 23 in Evocations
 58762 | Zot:5    | Noticed a dread lich
 58775 | Zot:5    | Killed a dread lich
 58944 | Depths:3 | Voluntarily entered the Abyss.
 58951 | Abyss:1  | Found a corrupted altar of Lugonu.
 59014 | Abyss:3  | Found a corrupted altar of Lugonu.
 59065 | Abyss:3  | Got an abyssal rune of Zot
 59084 | Abyss:3  | Found a corrupted altar of Lugonu.
 59090 | Abyss:3  | Noticed an ancient lich
 59105 | Abyss:3  | Killed an ancient lich
 59129 | Depths:3 | Escaped the Abyss
 59439 | Slime:1  | Entered Level 1 of the Pits of Slime
 59949 | Slime:5  | Entered Level 5 of the Pits of Slime
 59997 | Slime:5  | Reached skill level 15 in Spellcasting
 60011 | Slime:5  | Found a viscous altar of Jiyva.
 60012 | Slime:5  | Noticed the Royal Jelly
 60013 | Slime:5  | Found the +8 glaive of the Guard {elec, spectral, AC+5}
 60037 | Slime:5  | Killed the Royal Jelly
 60066 | Slime:5  | Got The Last Incunabulum of the Archmage
 60096 | Slime:5  | Got a slimy rune of Zot
 60119 | Slime:5  | Identified the ring "Suenko Botzu" {rN+ Will+ Int+6 Stlth+}
 60656 | Tomb:1   | Entered Level 1 of the Tomb of the Ancients
 60990 | Tomb:1   | Noticed a royal mummy
 60996 | Tomb:1   | Killed a royal mummy
 61122 | Tomb:1   | Noticed a royal mummy
 61130 | Tomb:1   | Killed a royal mummy
 61697 | Tomb:2   | Acquired a book of Changes
 61701 | Tomb:2   | Noticed a royal mummy
 61701 | Tomb:2   | Noticed a royal mummy
 61702 | Tomb:2   | Noticed a royal mummy
 61702 | Tomb:2   | Noticed a royal mummy
 61706 | Tomb:2   | Killed a royal mummy
 61708 | Tomb:2   | Killed a royal mummy
 61709 | Tomb:2   | Killed a royal mummy
 61709 | Tomb:2   | Killed a royal mummy
 62229 | Tomb:1   | Noticed a royal mummy
 62230 | Tomb:1   | Noticed a royal mummy
 62231 | Tomb:1   | Noticed a royal mummy
 62234 | Tomb:1   | Killed a royal mummy
 62234 | Tomb:1   | Noticed a royal mummy
 62236 | Tomb:1   | Killed a royal mummy
 62237 | Tomb:1   | Reached skill level 24 in Evocations
 62237 | Tomb:1   | Killed a royal mummy
 62237 | Tomb:1   | Killed a royal mummy
 62367 | Tomb:1   | Noticed a royal mummy
 62373 | Tomb:1   | Killed a royal mummy
 62427 | Tomb:1   | Noticed a royal mummy
 62435 | Tomb:1   | Killed a royal mummy
 62492 | Tomb:1   | Noticed a royal mummy
 62504 | Tomb:1   | Killed a royal mummy
 62504 | Tomb:1   | Noticed a royal mummy
 62505 | Tomb:1   | Reached skill level 10 in Ice Magic
 62506 | Tomb:1   | Noticed a royal mummy
 62511 | Tomb:1   | Killed a royal mummy
 62513 | Tomb:1   | Killed a royal mummy
 62532 | Tomb:1   | Noticed a royal mummy
 62537 | Tomb:1   | Noticed a royal mummy
 62539 | Tomb:1   | Killed a royal mummy
 62543 | Tomb:1   | Killed a royal mummy
 62659 | Tomb:1   | Noticed a royal mummy
 62674 | Tomb:1   | Killed a royal mummy
 62675 | Tomb:1   | Noticed a royal mummy
 62675 | Tomb:1   | Noticed a royal mummy
 62681 | Tomb:1   | Killed a royal mummy
 62681 | Tomb:1   | Noticed a royal mummy
 62683 | Tomb:1   | Killed a royal mummy
 62683 | Tomb:1   | Killed a royal mummy
 62956 | Tomb:3   | Entered Level 3 of the Tomb of the Ancients
 63003 | Tomb:3   | Noticed a royal mummy
 63004 | Tomb:3   | Noticed a royal mummy
 63008 | Tomb:3   | Killed a royal mummy
 63010 | Tomb:3   | Killed a royal mummy
 63013 | Tomb:3   | Identified the +8 dagger of Death's Door {vorpal, SInv}
 63099 | Tomb:3   | Noticed a royal mummy
 63109 | Tomb:3   | Killed a royal mummy
 63109 | Tomb:3   | Noticed a royal mummy
 63116 | Tomb:3   | Killed a royal mummy
 63451 | Tomb:3   | Noticed a royal mummy
 63455 | Tomb:3   | Noticed a royal mummy
 63458 | Tomb:3   | Killed a royal mummy
 63463 | Tomb:3   | Noticed a royal mummy
 63464 | Tomb:3   | Killed a royal mummy
 63473 | Tomb:3   | Noticed a royal mummy
 63480 | Tomb:3   | Got a golden rune of Zot
 63615 | Tomb:3   | Killed a royal mummy
 63671 | Tomb:3   | Killed a royal mummy
 63734 | Tomb:3   | Found the +8 lance "Wyrmbane" {slay drac, rPois rF+ rC+
                  | AC+3}
 63736 | Tomb:3   | Found the +8 autumn katana {vorpal, Clar}
 63736 | Tomb:3   | Found the +8 Vampire's Tooth {vamp}
 63755 | Tomb:3   | Identified the +5 battleaxe of Buon {flame, rC+ SInv}
 63758 | Tomb:3   | Identified the +8 quick blade of Success {flame, Str+3
                  | Int+2}
 63759 | Tomb:3   | Identified the +5 rapier "Appoto" {vorpal, rC+ Int+2 Dex+4}
 63825 | Tomb:3   | Identified the +6 rapier of Reinforcement {vorpal, rCorr}
 63843 | Zig:1    | Entered Level 1 of a ziggurat
 63860 | Zig:2    | Entered Level 2 of a ziggurat
 63865 | Zig:2    | Reached skill level 25 in Evocations
 63877 | Zig:3    | Entered Level 3 of a ziggurat
 64011 | Zig:3    | Identified the +6 scythe "Tayjat" {flame, *Rage rN+++ MP+9
                  | Int-4}
 64021 | Zig:4    | Entered Level 4 of a ziggurat
 64023 | Zig:4    | Found the ring of the Octopus King
 64026 | Zig:4    | Reached skill level 1 in Polearms
 64030 | Zig:4    | Identified a ring of the Octopus King {AC+1 EV+1 Str+1
                  | Int+1 Dex+1 SInv}
 64072 | Zig:5    | Entered Level 5 of a ziggurat
 64081 | Zig:5    | Reached skill level 5 in Short Blades
 64168 | Zig:6    | Entered Level 6 of a ziggurat
 64173 | Zig:6    | Noticed Hires the pandemonium lord
 64180 | Zig:6    | Killed Hires the pandemonium lord
 64220 | Zig:6    | Learned a level 8 spell: Infestation
 64221 | Zig:7    | Entered Level 7 of a ziggurat
 64228 | Zig:7    | Noticed a juggernaut
 64229 | Zig:7    | Noticed a juggernaut
 64233 | Zig:7    | Killed a juggernaut
 64233 | Zig:7    | Killed a juggernaut
 64234 | Zig:7    | Reached skill level 1 in Necromancy
 64248 | Zig:7    | Identified the +1 hand axe "Dubuxt" {vorpal, rPois rC+}
 64251 | Zig:7    | Identified the +9 whip of Fehan {freeze, rC+++ Str-5 Int-5
                  | SInv}
 64257 | Zig:7    | Identified the +3 ring mail "Naleh" {rF+ rC+ rCorr Int+4}
 64349 | Zig:8    | Entered Level 8 of a ziggurat
 64377 | Zig:8    | Identified the +9 shortbow of No Interval {vorpal, rElec
                  | rCorr}
 64378 | Zig:8    | Identified the +7 hunting sling "Romeruci" {speed, rF+
                  | rCorr Int+3}
 64379 | Zig:8    | Identified the +9 rapier of Descent {holy, Dex+3}
 64383 | Zig:9    | Entered Level 9 of a ziggurat
 64466 | Zig:9    | Learned a level 4 spell: Passage of Golubria
 64487 | Zig:10   | Entered Level 10 of a ziggurat
 64496 | Zig:10   | Noticed an ancient lich
 64503 | Zig:10   | Reached skill level 1 in Translocations
 64504 | Zig:10   | Killed an ancient lich
 64560 | Zig:10   | Identified the +1 robe of Amutisor {Harm}
 64565 | Zig:10   | Identified the +9 shortbow "Xeudod" {vorpal, Will+ Str+4
                  | Stlth-}
 64585 | Zig:10   | Identified the +2 leather armour "Mykepeiv" {Dex+4}
 64597 | Zig:10   | Reached skill level 10 in Short Blades
 64696 | Zig:11   | Entered Level 11 of a ziggurat
 64707 | Zig:11   | Found the +6 shillelagh "Devastator" {shatter}
 64709 | Zig:11   | Noticed Olali the pandemonium lord
 64723 | Zig:11   | Killed Olali the pandemonium lord
 64747 | Zig:11   | Identified the +1 chain mail of Forking Paths {rElec rF-
                  | rC++ SInv}
 64751 | Zig:11   | Got the Grimoire of Unholy Arts and Clay
 64761 | Zig:12   | Entered Level 12 of a ziggurat
 64979 | Zig:12   | Found the +7 great mace "Undeadhunter" {disrupt, rN+}
 64986 | Zig:12   | Identified the +7 rapier of the Disturbing Mouths {freeze,
                  | rC+ rN+}
 64999 | Zig:12   | Identified the amulet "Qowocw" {Spirit Drain rN+ rCorr
                  | Int+4}
 65009 | Zig:13   | Entered Level 13 of a ziggurat
 65021 | Zig:13   | Noticed an orb of fire
 65023 | Zig:13   | Noticed an orb of fire
 65038 | Zig:13   | Killed an orb of fire
 65045 | Zig:13   | Killed an orb of fire
 65049 | Zig:13   | Reached skill level 5 in Necromancy
 65079 | Zig:13   | Identified the ring of the Demon Prince {Fly rC+ Will+
                  | rCorr Int+6}
 65086 | Zig:13   | Identified the +10 spear of Doubt {vorpal, Int+4 Stlth-}
 65095 | Zig:14   | Entered Level 14 of a ziggurat
 65103 | Zig:14   | Noticed Bial the pandemonium lord
 65107 | Zig:14   | Gained mutation: You are clumsy. (Dex -2) [a cacodemon]
 65115 | Zig:14   | Killed Bial the pandemonium lord
 65236 | Zig:14   | Found the amulet of the Four Winds {rN+ Will+++ Clar}
 65268 | Zig:15   | Entered Level 15 of a ziggurat
 65323 | Zig:15   | Found the +3 hat of Pondering {ponderous, Will+ MP+10
                  | Int+5}
 65388 | Zig:15   | Identified the ring of Tuloym {rElec rF+ Slay+3}
 65393 | Zig:15   | Identified the +0 buckler of Pessimism {Harm Fly Slay+2}
 65397 | Zig:15   | Identified the amulet of the Monkey {RegenMP +Inv rPois rF-
                  | SInv}
 65413 | Zig:15   | Learned a level 8 spell: Necromutation
 65492 | Zig:16   | Entered Level 16 of a ziggurat
 65547 | Zig:16   | Paralysed by you for 3 turns
 65548 | Zig:16   | Reached skill level 26 in Evocations
 65621 | Zig:16   | Identified the ring "Yretui" {AC+4 Str+3 Int+3}
 65741 | Zig:17   | Entered Level 17 of a ziggurat
 65837 | Zig:17   | Identified the +4 scale mail of Responsibility {Regen+}
 65909 | Zig:18   | Entered Level 18 of a ziggurat
 65944 | Zig:18   | Reached skill level 15 in Ice Magic
 65947 | Zig:18   | Reached skill level 27 in Evocations
 65958 | Zig:18   | Found the +7 great mace "Firestarter" {inner flame, rF++}
 65976 | Zig:18   | Identified the ring of Wishful Thinking {Int+3 Slay+4}
 65991 | Zig:18   | Identified the +10 morningstar of Dismemberment {freeze,
                  | Fragile rN++ Dex+5}
 65995 | Zig:18   | Identified the quicksilver dragon scales "Ageczaor" {-Cast
                  | rElec rF+++ Will+}
 66075 | Zig:19   | Entered Level 19 of a ziggurat
 66121 | Zig:19   | Reached skill level 10 in Necromancy
 66146 | Zig:19   | Found the +2 hood of the Assassin {Detection Stab+ Stlth++}
 66159 | Zig:19   | Identified the +1 pair of gloves of the Circus Animal
                  | {rPois rC+ rCorr}
 66171 | Zig:19   | Identified the +2 spear of the Two Names {venom, +Blink
                  | Will+ Dex+2}
 66269 | Zig:20   | Entered Level 20 of a ziggurat
 66381 | Zig:21   | Entered Level 21 of a ziggurat
 66409 | Zig:21   | Noticed an ancient lich
 66418 | Zig:21   | Killed an ancient lich
 66419 | Zig:21   | Noticed a dread lich
 66421 | Zig:21   | Noticed an ancient lich
 66428 | Zig:21   | Noticed an ancient lich
 66430 | Zig:21   | Killed an ancient lich
 66431 | Zig:21   | Killed a dread lich
 66440 | Zig:21   | Killed an ancient lich
 66518 | Zig:21   | Identified the +2 ring mail "Qyexeegh" {Harm Will+ Stlth+}
 66524 | Zig:21   | Got Vehumet's Disquisition on Combat Magic
 66657 | Zig:22   | Entered Level 22 of a ziggurat
 66708 | Zig:22   | Killed from afar by a Brimstone Fiend

Illustrated notes

Levels and vault maps discovered:
D:1:      minmay_arrival_hallway, layout_basic, basic_ecumenical_altar
D:2:      layout_basic, st_stairs_8, kennysheep_generic_room_11
D:3:      layout_basic, minmay_misc_feat_square, due_unseen_surprise
D:4:      layout_cave_pools, nicolae_overflow_quartered_altars, uniq_robin
D:5:      layout_basic, nicolae_uskayaw_en_pointe, roderic_lattice_a,
          lexackson_kobold_supper
D:6:      layout_cave_pools, kennysheep_mini, minmay_temple_entry_proselytizer,
          palyth_stone_intersect
D:7:      layout_rooms, grunt_temple_overflow_magic_moments, uniq_pikel
D:8:      minmay_the_grid_square_5x5_3x3 [minmay_the_grid_square_5x5_trominoes,
          minmay_the_grid_square_5x5_almost_minimal,
          minmay_the_grid_square_5x5_tetrominoes,
          minmay_the_grid_square_5x5_inset,
          minmay_the_grid_square_5x5_megaprize_hollow,
          minmay_the_grid_square_5x5_half_checkered,
          minmay_the_grid_square_5x5_hollow_slash,
          minmay_the_grid_square_5x5_checkered_statues,
          minmay_the_grid_square_5x5_eight_small], layout_cave_pools,
          lemuel_tele_altar, grunt_temple_overflow_open, st_stairs_11,
          kennysheep_generic_room_14
D:9:      kennysheep_kobold_camp, layout_long_grid, david_orc_3, enter_bailey_3
D:10:     layout_cave_pods, mainiacjoe_overflow_six_doors_small,
          overflow_temple_1_default, nicolae_overflow_crystal_walls,
          erik_lair_island
D:11:     layout_long_grid, serial_shops, shop
D:12:     layout_cave_pools, zin_angel
D:13:     layout_stronghold, lightli_vaults_fourway_checkpoint
D:14:     layout_cave_pools, serial_park_gazebo [serial_park_minivault_5x5_3],
          serial_shops, kennysheep_mini_moat, shop, nicolae_shop_trees, shop,
          portal_ice_cave_entry_ice_statue_one
D:15:     gammafunk_enter_depths_forms, layout_small_grid,
          gauntlet_entry_generic, minmay_misc_feat_encased
Lair:1:   layout_cave_pods, grunt_megastairs_3, serial_bayou_shore_a,
          lemuel_fruit_tree
Lair:2:   layout_chaotic_city, dummy_snake_entry, serial_bayou_crossing
Lair:3:   layout_cave_pods, minmay_shoals_entry_hut, st_stairs_9,
          amcnicky_mini_pool_medium, uniq_nergalle, uniq_urug, uniq_gastronok
Lair:4:   layout_cave_pods
Lair:5:   layout_gridlike, slime_altar_1, gammafunk_ghost_hydra_chop,
          lemuel_centaur_altar, grunt_megastairs_2
Lair:6:   due_jungle_book, layout_gridlike
Shoals:1: layout_shoals, uniq_kirke
Shoals:2: nicolae_shoals_lighthouse, layout_shoals
Shoals:3: layout_shoals, dpeg_stationary_puzzle
Shoals:4: shoals_end_hangedman, layout_shoals, shoals_ilsuiw_alternative,
          nicolae_shoals_beach_cooler, uniq_roxanne
Snake:1:  layout_basic, nicolae_snake_single_loop
Snake:2:  layout_grid_maze, drop_trap
Snake:3:  layout_gridlike, uniq_vashnia
Snake:4:  grunt_snake_rune_serpentine_throne, layout_chambers, special_room,
          gammafunk_ghost_wrathful_warriors, uniq_saint_roka
Slime:1:  layout_caves
Slime:2:  layout_caves, nicolae_slime_round_cave
Slime:3:  layout_caves
Slime:4:  layout_caves
Slime:5
Orc:1:    layout_caves
Orc:2:    grunt_orc_tribal_feast, layout_diamond_mine
Elf:1:    layout_gridlike, serial_glass, glass_columns_a, glass_columns_c,
          minmay_elf_sorcery, uniq_azrael
Elf:2:    elven_hall_of_blades_hangedman_original [grunt_blade_entry_basic],
          layout_rooms, serial_shops, shop_statue, nicolae_trove_entry_crossroad
Elf:3:    minmay_elf_hall, layout_loops_cross, serial_co_window_serial,
          co_window_paths_b, co_window_cross_1, co_window_paths_a,
          co_window_paths_a, co_window_corner_a, co_window_paths_a,
          co_window_unsneaky_path_a, co_window_paths_c, co_window_paths_c,
          glass_columns_a, glass_columns_c, glass_columns_a, glass_columns_b,
          minmay_elf_demonology
Vaults:1: infiniplex_enter_wizlab_glasses, ontoclasm_vaults_tryst, v_pattern_4,
          v_misc_27, nicolae_vaults_network_star, v_rooms_5,
          dpeg_vaults_monster_row, nicolae_vaults_little_ls,
          layout_vaults_omnicross, serial_shops, shop, uniq_asterion
Vaults:2: v_misc_12, nicolae_vaults_gold_heap,
          minmay_crypt_entry_simple_corners, vaults_room_stairs_pillars,
          nicolae_vaults_network_quincunx
          [nicolae_vaults_network_quincunx_subvault,
          nicolae_vaults_network_quincunx_subvault,
          nicolae_vaults_network_quincunx_subvault,
          nicolae_vaults_network_quincunx_subvault,
          nicolae_vaults_network_quincunx_subvault], ontoclasm_vaults_bender,
          vaults_room_large_hall, v_misc_18, vaults_mumra_lcd,
          nicolae_vaults_yaktaur_gun_rack, layout_vaults_chaotic_city
Vaults:3: ebering_ghost_reflecting_pool, ontoclasm_vaults_ring_small,
          grunt_vaults_trifunnel, v_misc_29, v_misc_10, v_alt_pattern_6,
          nicolae_vaults_puzzle_piece, v_rooms_3, st_diamondy,
          ontoclasm_vaults_pinch, nicolae_vaults_specimen_jars,
          layout_vaults_omnibox
Vaults:4: vaults_dpeg_ring, vaults_room_grunt_arrival_ludios,
          hangedman_vaults_corner, layout_vaults_omnigrid, uniq_jory
Vaults:5: serial_shops, uniq_bai_suzhen, uniq_xtahua, uniq_sojobo
Crypt:1:  layout_gridlike, grunt_crypt_arrival_split, uniq_aizul
Crypt:2:  layout_regular_city, gammafunk_ghost_split
Crypt:3:  cryptofortress_bobbens
Tomb:1
Tomb:2
Tomb:3
Depths:1: cheibrodos_hall_of_evolution, layout_gridlike, enter_ziggurat_d,
          hangedman_coc_ice_floe, rand_demon_pan_entry_4, serial_shops,
          nicolae_square_shop, eino_small_chamber_without_monster,
          kennysheep_cross_room, hangedman_decor_peaks_small,
          nicolae_shop_clearance
Depths:2: minmay_fractal_lines_corner, layout_gridlike, hell_entry,
          minmay_misc_feat_tower, rand_demon_pan_entry_7,
          hangedman_decor_diamond_cutter, serial_bayou_shore_b
Depths:3: minmay_haunted_quarter, layout_cave_pools, serial_shops,
          kennysheep_little_box, nicolae_water_bricks, abyss_entry,
          grunt_mini_vestibule, infiniplex_staircase_star
Depths:4: lemuel_castle_with_subvaults [lemuel_castle_interior_carwin_3],
          layout_basic, hell_entry, okawaru_ov_weapons_minmay, drop_trap,
          minmay_shop_grove
Zot:1:    layout_gridville
Zot:2:    layout_basic
Zot:3:    layout_concentric_octagons, skrybe_zot_glass_1
Zot:4:    layout_misc_corridors, grunt_megastairs_5
Zot:5:    layout_concentric_octagons, lemuel_baited_zot_trap
Zig:22

Skill      XL: |  1  2  3  4  5  6  7  8  9 10 11 12 13 14 15 16 17 18 19 20 21 22 23 24 25 26 27 |
---------------+----------------------------------------------------------------------------------+-----
Poison Magic   | 4 5 6 7 8 9 |  9.0
Transmutations | 2 3 4 6 9 11 | 11.2
Fire Magic     | 1 3 4 6 7 9 11 12 13 14 16 17 18 | 18.0
Spellcasting   | 3 4 6 7 9 10 12 17 | 17.0
Shields        | 4 7 12 14 15 | 15.0
Fighting       | 2 5 7 8 10 11 12 13 14 15 16 17 18 19 20 25 | 25.1
Short Blades   | 2 4 10 | 10.5
Evocations     | 2 5 7 9 10 11 13 14 15 16 17 18 20 21 27 | 27.0
Stealth        | 4 6 8 10 12 15 | 15.0
Staves         | 1 5 7 8 10 12 17 | 17.5
Earth Magic    | 3 5 8 10 | 10.7
Dodging        | 4 6 8 10 11 13 15 16 17 | 17.0
Invocations    | 3 6 8 10 12 13 14 | 14.0
Ice Magic      | 19 | 19.2
Polearms       | 3 |  3.4
Necromancy     | 11 | 11.0
Translocations | 3 |  3.0

Action                   |  1- 3 |  4- 6 |  7- 9 | 10-12 | 13-15 | 16-18 | 19-21 | 22-24 | 25-27 || total
-------------------------+-------+-------+-------+-------+-------+-------+-------+-------+-------++-------
Melee: Unarmed           |    20 |       |       |       |       |       |       |       |       ||    20
       Constrict         |    11 |    14 |    22 |    28 |   103 |    98 |   174 |    96 |   412 ||   958
       Tentacles         |    10 |    11 |    24 |    53 |   274 |   271 |   411 |   337 |  1193 ||  2584
       Short sword       |    21 |    22 |    64 |       |       |       |       |       |       ||   107
       Dagger            |       |    33 |    45 |       |       |       |       |       |       ||    78
       Staff             |       |       |       |   216 |   667 |   668 |   972 |   792 |  2588 ||  5903
       Lance             |       |       |       |       |       |       |       |       |    44 ||    44
Throw: Throwing net      |       |       |       |     2 |       |       |       |       |       ||     2
 Cast: Sting             |    21 |    11 |    16 |    23 |     6 |     9 |       |       |       ||    86
       Olgreb's Toxic Ra |       |     9 |    23 |    51 |    37 |    40 |    42 |       |     4 ||   206
       Ignite Poison     |       |       |    18 |    35 |    26 |    24 |    23 |       |     3 ||   129
       Statue Form       |       |       |       |       |    40 |    79 |    74 |    65 |   159 ||   417
       Ignition          |       |       |       |       |       |       |       |    11 |   130 ||   141
       Apportation       |       |       |       |       |       |       |       |       |   249 ||   249
       Polar Vortex      |       |       |       |       |       |       |       |       |     7 ||     7
       Necromutation     |       |       |       |       |       |       |       |       |     2 ||     2
       Blink             |       |       |       |       |       |       |       |       |     1 ||     1
Invok: Slouch            |       |       |       |       |       |       |     1 |     1 |    12 ||    14
       Step From Time    |       |       |       |       |       |       |       |     1 |     1 ||     2
       Temporal Distorti |       |       |       |       |       |       |       |       |     1 ||     1
 Abil: End Transformatio |       |       |       |       |       |       |       |       |     1 ||     1
Evoke: Wand              |       |     1 |     3 |    15 |     1 |     2 |     8 |       |     7 ||    37
       Phantom mirror    |       |       |       |     1 |       |       |       |       |       ||     1
       Condenser vane    |       |       |       |       |     1 |     5 |     5 |     1 |    11 ||    23
       Box of beasts     |       |       |       |       |       |       |     1 |       |     1 ||     2
       Tin of tremorston |       |       |       |       |       |       |       |       |     8 ||     8
       Figurine of a zig |       |       |       |       |       |       |       |       |     1 ||     1
  Use: Scroll            |     4 |     4 |     7 |    12 |     5 |     6 |     3 |     2 |    27 ||    70
       Potion            |       |     1 |       |     3 |       |     2 |       |     1 |    11 ||    18
 Stab: Sleeping          |    12 |    11 |    10 |    10 |    14 |    21 |    18 |    12 |    42 ||   150
       Paralysed         |       |     1 |     3 |     6 |       |       |       |       |       ||    10
       Distracted        |       |       |     1 |       |     2 |     4 |     3 |     1 |    14 ||    25
Armor: Skin              |     3 |     1 |     9 |    52 |   312 |   279 |   270 |   169 |   540 ||  1635
Dodge: Dodged            |    30 |    34 |    57 |   102 |   384 |   634 |   910 |   724 |  2767 ||  5642
Block: Buckler           |       |       |    23 |   117 |   505 |   414 |       |       |       ||  1059
       Kite shield       |       |       |       |       |       |   342 |  1496 |   990 |  3813 ||  6641

Table legend: (Time is in decaauts)
 A = Elapsed time spent in this place.
 B = Non-inter-level travel time spent in this place.
 C = Inter-level travel time spent in this place.
 D = Time resting spent in this place.
 E = Time spent auto-exploring this place.
 F = Levels seen in this place.
 G = Mean time per level.
                   A        B        C        D        E       F      G
               +--------+--------+--------+--------+--------+-----+--------+
         Total | 110399 |  97887 |  12512 |   2025 |  70209 | 102 | 1082.3 |
       Dungeon |  20185 |  16942 |   3243 |    153 |  13656 |  15 | 1345.7 |
          Lair |  11719 |  10153 |   1566 |     73 |   8388 |   6 | 1953.2 |
        Shoals |   7219 |   6975 |    244 |      0 |   5360 |   4 | 1804.8 |
     Snake Pit |   7506 |   7014 |    492 |      0 |   5630 |   4 | 1876.5 |
    Slime Pits |   1541 |   1387 |    154 |     46 |    223 |   5 |  308.2 |
  Orcish Mines |   3191 |   2401 |    790 |      0 |   1908 |   2 | 1595.5 |
   Elven Halls |   6093 |   5613 |    480 |      0 |   4165 |   3 | 2031.0 |
        Vaults |  13230 |  11471 |   1759 |      0 |   8816 |   5 | 2646.0 |
         Crypt |   5775 |   5096 |    679 |      0 |   4056 |   3 | 1925.0 |
          Tomb |   5745 |   5434 |    311 |    323 |   3283 |   3 | 1915.0 |
        Depths |  12135 |   9830 |   2305 |      0 |   7293 |   4 | 3033.8 |
           Zot |   6124 |   5641 |    483 |      0 |   4191 |   5 | 1224.8 |
         Abyss |    428 |    428 |      0 |      0 |      5 |   5 |   85.6 |
      Ziggurat |   5357 |   5357 |      0 |   1429 |    463 |  33 |  162.3 |
         Trove |    145 |    145 |      0 |      0 |    114 |   1 |  145.0 |
        Bailey |    867 |    867 |      0 |      0 |    654 |   1 |  867.0 |
      Ice Cave |   1559 |   1559 |      0 |      0 |   1223 |   1 | 1559.0 |
        Wizlab |    643 |    643 |      0 |      0 |    270 |   1 |  643.0 |
      Gauntlet |    927 |    927 |      0 |      0 |    505 |   1 |  927.0 |
               +--------+--------+--------+--------+--------+-----+--------+

Top non-repeatable levels by time:
Depths:4: 3848 daAuts
Depths:1: 3542 daAuts
   Elf:3: 3167 daAuts
Vaults:1: 3132 daAuts
  Tomb:1: 2983 daAuts
 Snake:4: 2909 daAuts
Vaults:2: 2895 daAuts
  Lair:6: 2778 daAuts
Vaults:5: 2564 daAuts
Shoals:4: 2452 daAuts
    D:15: 2437 daAuts
Vaults:4: 2409 daAuts
Depths:2: 2403 daAuts
   Orc:2: 2364 daAuts
 Crypt:3: 2346 daAuts
